 Zot Defence DCSS version 0.15.2 (webtiles) character file.

12957 somonday the Nimble (level 11, -2/44 (117) HPs)
             Began as a Troll Berserker on Jan 20, 2017.
             Was a Believer of Trog.
             Killed from afar by Nikola (35 damage)
             ... with a chain lightning
             ... in the Realm of Zot (Scenario III: Two or Three?).
             The game lasted 00:56:46 (2016 turns).

somonday the Nimble (Troll Berserker)               Turns: 2016, Time: 00:56:46

HP  -2/44 (117)  AC  7     Str 30      XL: 11   Next: 69%
MP   4/4         EV 13     Int  3      God: Trog [**....]
Gold 0           SH  0     Dex  9      Spells:  0 memorised, 10 levels left

rFire  . . .     SeeInvis .     k - +6 spear
rCold  . . .     Clarity  .     n - +2 robe
rNeg   . . .     rCorr    .     (shield restricted)
rPois  .         rRot     .     (helmet restricted)
rElec  .         Spirit   .     (no cloak)
SustAb .         Warding  .     (gloves unavailable)
rMut   .         Stasis   .     (boots unavailable)
Gourm  +                        (no amulet)
MR     .....                    (no ring)
                                (no ring)

@: not resistant to hostile enchantments, very unstealthy
A: unfitting armour, claws 3, fast metabolism 3, gourmand, regeneration 2,
saprovore 2, shaggy fur 1, tough skin 2
a: Make oklob sapling, Make arrow trap, Make plant, Remove Curse, Make burning
bush, Make altar, Make grenades, Make oklob plant, Make net trap, Make ice
statue, Make spear trap, Make alarm trap, Burn Spellbooks, Berserk, Trog's Hand,
Renounce Religion


You were in the Realm of Zot.
You worshipped Trog.
Trog was pleased with you.
You were not hungry.

You visited 1 branch

Inventory:

Hand weapons
 j - a +1 lajatang of speed
 k - a +6 spear (weapon)
 l - a +2 short sword of venom
 m - a +0 giant spiked club
 o - a +1 morningstar
Armour
 b - a +0 animal skin
 n - a +2 robe (worn)
Comestibles
 d - 2 meat rations
Scrolls
 a - a scroll of teleportation {unknown}
 i - a scroll of blinking
Potions
 c - 3 potions of curing
 e - a potion of heal wounds
 f - a potion of haste
 g - 2 potions of magic
 h - a potion of berserk rage


   Skills:
 + Level 10.0 Fighting
 - Level 4.0 Maces & Flails
 * Level 7.0 Polearms
 + Level 10.5 Dodging


You had 10 spell levels left.
You didn't know any spells.

Dungeon Overview and Level Annotations

Branches:
    Zot (1/1)

Altars:

Annotations:
Zot Nikola


Innate Abilities, Weirdness & Mutations

You are too large for most types of armour.
You have claws for hands.
Your metabolism is lightning-fast.
You like to eat raw meat.
You heal very quickly.
You can eat rotten meat.
You are covered in fur (AC +1).
You have very tough skin (AC +2).


Message History

Unknown command.
Unknown command.
Unknown command.
Unknown command.
Attack whom?
Press: ? - help, Dir - move target cursor, f - Nikola
Aim: Nikola, wielding a cutlass of electrocution, wearing a glowing cloak and wearing a pair of gloves (heavily wounded, covered in acid)
You reach to attack!
Your flesh rots away as the Orb of Zot is desecrated.
You puncture Nikola!
Your flesh rots away as the Orb of Zot is desecrated. x2
Nikola is heavily wounded.
Your flesh rots away as the Orb of Zot is desecrated. x2
Nikola mumbles some strange words.
You hear a mighty clap of thunder!
The lightning arc hits your ice statue.
Your ice statue resists.
The lightning arc hits you!
Ouch! That really hurt!
You die...

▓▓▓▓▓ ▓...▓ ▓▓...▓▓ ▓▓.P.P.▓▓
▓▓▓.P.()P.▓▓▓
▓▓▓▓▓......)....▓▓▓▓▓
▓▓▓▓▓▓▓▓▓..^^^^.@^@^[.^^^^..▓▓▓▓▓
......▓▓..)▓▓.....^)....▓▓)..▓▓..
.......▓.)▓▓▓▓▓..8))..▓▓▓▓▓..▓...
.......▓..▓ ▓▓.!)..▓▓ ▓..▓...
.......▓.)▓ ▓▓.).▓▓ ▓..▓...
.......▓..▓ ▓))%▓ ▓..▓...
.▓▓....▓..▓ ▓▓^▓▓ ▓..▓...
..▓▓...▓..▓ ▓^▓ ▓..▓...
..▓▓...▓..▓▓▓▓▓▓▓▓^▓▓▓▓▓▓▓▓..▓...


You could see Nikola, a friendly ice statue and 4 friendly oklob plants.

Vanquished Creatures
  An orc knight (Zot)
  6 slime creatures (Zot)
  A yak (Zot)
  4 vampires (Zot)
  An orc warrior (Zot)
  Purgy (Zot)
  An ogre (Zot)
  A crocodile (Zot)
  A black bear (Zot)
  A sheep (Zot)
  Terence (Zot)
  A gnoll (Zot)
  An adder (Zot)
  A green rat (Zot)
  A giant mite (Zot)
  2 giant geckos (Zot)
  3 oozes (Zot)
  A bat zombie (Zot)
  2 giant cockroaches (Zot)
  A hobgoblin (Zot)
  A jackal (Zot)
  2 quokkas (Zot)
  2 ball python zombies (Zot)
  2 bats (Zot)
  A giant cockroach zombie (Zot)
  A giant newt zombie (Zot)
  7 goblins (Zot)
  A goblin zombie (Zot)
  2 hobgoblin zombies (Zot)
  A jackal zombie (Zot)
  4 kobolds (Zot)
  A kobold zombie (Zot)
  An orc zombie (Zot)
  2 rats (Zot)
60 creatures vanquished.

Vanquished Creatures (collateral kills)
  Agnes (Zot)
  A mana viper (Zot)
  A polar bear (Zot)
  11 slime creatures (Zot)
  4 vampires (Zot)
  A water moccasin (Zot)
  A centaur (Zot)
  14 black bears (Zot)
  2 ogres (Zot)
  An orc warrior (Zot)
  A gnoll sergeant (Zot)
  A boggart (Zot)
  A giant frog (Zot)
  3 wights (Zot)
  A gnoll shaman (Zot)
  2 iguanas (Zot)
  A hound (Zot)
  2 sheep (Zot)
  Jessica (Zot)
  A shadow imp (Zot)
  6 green rats (Zot)
  3 adders (Zot)
  A gnoll (Zot)
  A giant mite (Zot)
  7 oozes (Zot)
  7 orcs (Zot)
  6 ball pythons (Zot)
  11 bats (Zot)
  2 bat skeletons (Zot)
  3 bat zombies (Zot)
  3 giant cockroaches (Zot)
  14 goblins (Zot)
  6 hobgoblins (Zot)
  3 jackals (Zot)
  8 kobolds (Zot)
  7 quokkas (Zot)
  A ball python zombie (Zot)
  2 giant cockroach zombies (Zot)
  5 giant geckos (Zot)
  4 giant newts (Zot)
  4 giant spores (Zot)
  2 goblin skeletons (Zot)
  A jackal zombie (Zot)
  A kobold skeleton (Zot)
  6 rats (Zot)
  2 rat zombies (Zot)
167 creatures vanquished.

Vanquished Creatures (others)
  An ice statue (Zot)
  2 oklob plants (Zot)
  3 burning bushes (Zot)
  2 vampires (Zot)
  10 ice beasts (Zot)
  A black bear (Zot)
  2 giant frogs (Zot)
  2 oklob saplings (Zot)
  An iguana (Zot)
  An adder (Zot)
  3 orcs (Zot)
  A jackal (Zot)
  A ball python (Zot)
  3 goblins (Zot)
  2 rats (Zot)
35 creatures vanquished.

Grand Total: 262 creatures vanquished

Notes
Turn   | Place    | Note
--------------------------------------------------------------
     0 | Zot      | somonday, the Troll Berserker, began the quest for the Orb.
     0 | Zot      | Reached XP level 1. HP: 22/22 MP: 1/1
   236 | Zot      | Reached XP level 2. HP: 26/29 MP: 1/1
   238 | Zot      | Reached skill level 3 in Maces & Flails
   266 | Zot      | Noticed Zartorak
   278 | Zot      | Killed Zartorak the orc warrior
   278 | Zot      | Reached skill level 4 in Dodging
   278 | Zot      | Reached XP level 3. HP: 5/37 MP: 2/2
   278 | Zot      | Reached XP level 4. HP: 6/45 MP: 2/2
   278 | Zot      | Reached XP level 5. HP: 7/53 MP: 2/2
   458 | Zot      | Reached XP level 6. HP: 61/61 MP: 3/3
   570 | Zot      | Noticed Jessica
   570 | Zot      | Killed Jessica
   771 | Zot      | Noticed Terence
   783 | Zot      | Killed Terence
   804 | Zot      | Reached skill level 5 in Dodging
   872 | Zot      | Reached XP level 7. HP: 69/71 MP: 3/3
   975 | Zot      | Noticed Grissuq
   980 | Zot      | Killed Grissuq the yak
   980 | Zot      | Acquired Trog's second power
   980 | Zot      | Reached skill level 5 in Fighting
   980 | Zot      | Reached skill level 6 in Dodging
  1050 | Zot      | Reached XP level 8. HP: 80/80 MP: 3/3
  1119 | Zot      | Reached skill level 1 in Polearms
  1170 | Zot      | Noticed Boldo
  1186 | Zot      | Killed Boldo the orc knight
  1186 | Zot      | Reached skill level 7 in Dodging
  1252 | Zot      | Reached XP level 9. HP: 89/89 MP: 4/4
  1263 | Zot      | Noticed Orghymani
  1269 | Zot      | Killed Orghymani the mana viper
  1362 | Zot      | Reached skill level 8 in Dodging
  1458 | Zot      | Reached XP level 10. HP: 43/104 MP: 4/4
  1560 | Zot      | Reached skill level 5 in Polearms
  1560 | Zot      | Reached skill level 9 in Dodging
  1667 | Zot      | Reached XP level 11. HP: 101/115 MP: 4/4
  1676 | Zot      | Noticed Purgy
  1685 | Zot      | Killed Purgy
  1748 | Zot      | Reached skill level 10 in Dodging
  1841 | Zot      | Noticed Agnes
  1843 | Zot      | Killed Agnes
  1979 | Zot      | Noticed Nikola
  1983 | Zot      | Reached skill level 10 in Fighting
  2016 | Zot      | Killed from afar by Nikola

Action                   |  1- 3 |  4- 6 |  7- 9 | 10-12 || total
-------------------------+-------+-------+-------+-------++-------
Melee: Mace              |    31 |     1 |       |       ||    32
       Dire flail        |       |    70 |    26 |       ||    96
       Spear             |       |       |    31 |    81 ||   112
       Giant spiked club |       |       |       |     3 ||     3
Invok: Berserk           |     1 |     2 |       |     3 ||     6
 Abil: Make oklob saplin |     1 |       |     1 |       ||     2
       Make burning bush |       |     1 |     1 |     1 ||     3
       Make arrow trap   |       |     3 |     9 |       ||    12
       Make grenades     |       |     1 |     1 |       ||     2
       Make oklob plant  |       |       |     3 |     3 ||     6
       Make spear trap   |       |       |       |     3 ||     3
       Make ice statue   |       |       |       |     2 ||     2
 Stab: Distracted        |       |       |     1 |     5 ||     6
